 Dungeon Crawl Stone Soup version 0.27.1-33-g824d729ab1 (webtiles) character file.

Game seed: 4947960677800032872

104 demibob the Chopper (level 4, -3/24 (26) HPs)
             Began as a Tengu Gladiator on Dec 8, 2021.
             Slain by a gnoll (9 damage)
             ... on level 3 of the Dungeon.
             The game lasted 00:02:00 (2415 turns).

demibob the Chopper (Tengu Gladiator)               Turns: 2415, Time: 00:02:01

HP:   -3/24 (26)    AC:  6    Str: 15    XL:     4   Next: 80%
MP:   5/5           EV: 12    Int:  8    God:
Gold: 126           SH:  0    Dex: 16    Spells: 3/3 levels left

rFire    + . .     SeeInvis +   a - +0 war axe
rCold    + . .     Faith    .   (no shield)
rNeg     . . .     Spirit   .   h - +0 ring mail
rPois    +         Reflect  .   c - +0 hat
rElec    +         Harm     .   j - +0 cloak
rCorr    +         Rampage  .   (no gloves)
Will     .....                  (boots unavailable)
Stlth    +.........             (no amulet)
HPRegen  0.08/turn              v - ring of see invisible
MPRegen  0.09/turn              (no ring)

@: resistant, drained
A: beak, talons 3
a: no special abilities


You were on level 3 of the Dungeon.
You visited 1 branch of the dungeon, and saw 3 of its levels.

You collected 126 gold pieces.


Innate Abilities, Weirdness & Mutations

You have a beak for a mouth.
You have claws for feet.


   Skills:
 - Level 2.0 Fighting
 + Level 5.9 Axes
 - Level 2.0 Throwing
 - Level 3.2 Dodging


You had 3 spell levels left.
You didn't know any spells.
Your spell library contained the following spells:

 Spells                   Type           Power      Damage    Failure   Level
 Sandblast                Erth           0%         2d4       65%         1
 Passwall                 Tmut/Erth      0%         N/A       78%         2
 Lee's Rapid Deconstruct  Erth           0%         3d5*      100%        5

Inventory:

Hand Weapons
 a - a +0 war axe (weapon)
Missiles
 d - 3 throwing nets (quivered) {=f}
Armour
 c - a +0 hat (worn)
 h - a +0 ring mail (worn)
 j - a +0 cloak (worn)
Jewellery
 v - a ring of see invisible (left hand)
Scrolls
 e - a scroll of teleportation {@r2}
 m - a scroll of noise {unknown}
Potions
 b - a potion of curing {@q1}
 f - 2 potions of might
 g - 3 potions of flight {unknown}
 i - 2 potions of invisibility {unknown}
 k - a potion of mutation {unknown}
 l - a potion of resistance

Dungeon Overview and Level Annotations

Branches:
Dungeon (3/15)

Altars:

##...####.# #.....#
.........## #....#
#..#..... ##...)## #
....... #....†.# #
#.... ##.##..<###
#..## .........#.
#)..# ###.###.....
#..g#### ...........#
#..gg@.# ###.###.....
....#####.#
##..##)..... .....
#.####...........
.....
#....#....#.†.... ....
####......#)).... ....
#####....##.....
.######...............
........###....#......
######### ####........


You could see 3 gnolls.


Message History

Your ring mail prevents you from hitting the ball python.
You claw the ball python.
You kill the ball python!
You barely miss the gnoll. The gnoll barely misses you.
You hit the gnoll. You claw the gnoll.
The gnoll is severely wounded.
You closely miss the gnoll. The gnoll closely misses you.
The gnoll hits you but does no damage.
You feel drained.
You slash the gnoll!
You kill the gnoll!
You hit the gnoll but do no damage. You hit the gnoll.
The gnoll closely misses you.
You barely miss the gnoll. Your kick misses the gnoll.
You peck the gnoll, but do no damage.
The gnoll is lightly wounded.
You hit the gnoll but do no damage.
The gnoll hits you with a +2 flail of protection!
* * * LOW HITPOINT WARNING * * *
The gnoll barely misses you.
The gnoll hits you with a +1 flail of draining.
* * * LOW HITPOINT WARNING * * *
You feel drained.
* * * LOW HITPOINT WARNING * * *
It was a potion of curing.
You feel better.
The gnoll hits you with a +2 flail of protection.
* * * LOW HITPOINT WARNING * * *
It was a potion of resistance.
You feel protected.
The gnoll hits you with a +2 flail of protection!
You die...

Skill      XL: |  1  2  3 |
---------------+----------+-----
Axes           | 4 5 |  5.9
Fighting       | |  2.0
Throwing       | |  2.0
Dodging        | |  3.2

Action                   |  1- 3 |  4- 6 || total
-------------------------+-------+-------++-------
Melee: War axe           |    51 |    37 ||    88
       Peck              |     8 |     6 ||    14
       Kick              |    13 |    12 ||    25
  Use: Scroll            |     3 |       ||     3
       Potion            |       |     2 ||     2
Armor: Leather armour    |     2 |       ||     2
       Ring mail         |    11 |     6 ||    17
Dodge: Dodged            |    29 |    29 ||    58

Levels and vault maps discovered:
D:1:      dpeg_arrival_another_circle, layout_basic
D:2:      layout_loops_ring, shapermc_ecumenical_altar_mp_urbaneastern,
          minmay_tetromino_t4
D:3:      layout_rooms, ebering_ghost_sewer_d

Notes
Turn   | Place    | Note
-------+----------+-------------------------------------------
     0 | D:1      | demibob the Tengu Gladiator began the quest for the Orb.
     0 | D:1      | Reached XP level 1. HP: 12/12 MP: 2/2
    74 | D:1      | HP: 1/12 [gnoll (6)]
    76 | D:1      | Reached skill level 4 in Axes
    76 | D:1      | Reached XP level 2. HP: 1/17 MP: 3/3
   763 | D:1      | Reached XP level 3. HP: 17/21 MP: 4/4
  1333 | D:2      | Reached skill level 5 in Axes
  1606 | D:2      | Found a faded altar of an unknown god.
  1852 | D:2      | Reached XP level 4. HP: 26/26 MP: 5/5
  2415 | D:3      | Identified 2 potions of resistance
  2415 | D:3      | Slain by a gnoll

Vanquished Creatures
  2 gnolls
  3 adders (D:2)
  3 worms (D:2)
  A dart slug (D:1)
  3 orcs (D:3)
  An endoplasm (D:2)
  2 giant cockroaches (D:3)
  A goblin (D:1)
  4 hobgoblins
  3 jackals (D:2)
  5 ball pythons
  3 bats
  2 frilled lizards
  7 kobolds
  7 rats
47 creatures vanquished.

Vanquished Creatures (others)
  3 fungi (D:2)
  7 plants (D:2)
10 creatures vanquished.

Grand Total: 57 creatures vanquished

Table legend: (Time is in decaauts)
 A = Elapsed time spent in this place.
 B = Non-inter-level travel time spent in this place.
 C = Inter-level travel time spent in this place.
 D = Time resting spent in this place.
 E = Time spent auto-exploring this place.
 F = Levels seen in this place.
 G = Mean time per level.
                   A        B        C        D        E       F      G
               +--------+--------+--------+--------+--------+-----+--------+
         Total |   2435 |   2397 |     38 |    315 |   1787 |   3 |  811.7 |
       Dungeon |   2435 |   2397 |     38 |    315 |   1787 |   3 |  811.7 |
               +--------+--------+--------+--------+--------+-----+--------+

Top non-repeatable levels by time:
     D:1: 1153 daAuts
     D:2: 1040 daAuts
     D:3: 242 daAuts

Table legend:
 A = Non-vault XP
 B = Vault XP
 C = Vault XP percentage of total XP
 D = Non-vault monster count
 E = Vault monster count
 F = Vault count percentage of total count
                 A         B        C        D         E       F
            +---------+---------+-------+---------+---------+-------
      Total |     145 |       4 |   2.7 |      44 |       3 |   6.4
            +---------+---------+-------+---------+---------+-------
        D:1 |      36 |       0 |   0.0 |      15 |       0 |   0.0
        D:2 |      74 |       4 |   5.1 |      16 |       3 |  15.8
        D:3 |      35 |       0 |   0.0 |      13 |       0 |   0.0
            +---------+---------+-------+---------+---------+-------
